 Dungeon Crawl Stone Soup version 0.27-a0-1312-g5cdb2b3542 (webtiles) character file.

Game seed: 9496671090327467845

100294 Sobieck the Spry (level 15, -13/80 HPs)
             Began as a Spriggan Berserker on June 19, 2021.
             Was a High Priest of Trog.
             Killed from afar by a deep elf knight (27 damage)
             ... with a shard of ice
             ... on level 15 of the Dungeon.
             The game lasted 01:16:38 (29309 turns).

Sobieck the Spry (Spriggan Berserker)              Turns: 29309, Time: 01:16:39

Health: -13/80     AC: 18    Str: 18    XL:     15   Next: 80%
Magic:  0/16       EV: 27    Int: 17    God:    Trog [*****.]
Gold:   1653       SH:  0    Dex: 14    Spells: 14/14 levels left

rFire    . . .     SeeInvis +   a - +7 double sword (distort) {!wlongrare=g}
rCold    . . .     Faith    .   (shield currently unavailable)
rNeg     . . .     Spirit   +   V - +4 troll leather armour
rPois    .         Reflect  .   x - +2 hat
rElec    .         Harm     .   K - +2 cloak "Mudeggo Ysunk" {Slay+2}
rCorr    .         Rampage  .   (gloves unavailable)
Will     ++...                  (boots unavailable)
Stlth    +++.......             B - amulet of guardian spirit
HPRegen  1.23/turn              i - +6 ring of intelligence
MPRegen  0.15/turn              O - +4 ring of protection

@: on berserk cooldown, slowed, quick
A: very small, no large weapons, unfitting armour, see invisible, speed 3
a: Renounce Religion, Berserk, Trog's Hand, Brothers in Arms


You were on level 15 of the Dungeon.
You worshipped Trog.
Trog was extremely pleased with you.
You visited 2 branches of the dungeon, and saw 21 of its levels.
You also visited: Bailey.

You collected 1653 gold pieces.


Innate Abilities, Weirdness & Mutations

You are very small and have problems with some larger weapons.
You are too small for most types of armour.
You have supernaturally acute eyesight. (SInv)
You cover ground extremely quickly. (Speed+++)


   Skills:
 + Level 10.2 Fighting
 - Level 16.0 Long Blades
 + Level 7.6 Armour
 + Level 17.8 Dodging
 - Level 6.0 Stealth


You had 14 spell levels left.
You didn't know any spells.
Your spell library contained the following spells:

 Spells                   Type           Power      Damage    Failure   Level
 Animate Skeleton         Necr           0%         N/A       26%         1
 Beastly Appendage        Tmut           0%         N/A       26%         1
 Freeze                   Ice            0%         1d3       26%         1
 Pain                     Necr           0%         1d4       26%         1
 Sting                    Tmut/Pois      0%         1d3       26%         1
 Blink                    Tloc           N/A        N/A       38%         2
 Poisonous Vapours        Pois/Air       0%         N/A       38%         2
 Wereblood                Tmut           0%         N/A       38%         2
 Frozen Ramparts          Ice            0%         1d2       63%         3
 Gell's Gravitas          Tloc           0%         N/A       63%         3
 Ignite Poison            Fire/Tmut/Pois 0%         N/A       63%         3
 Lesser Beckoning         Tloc           0%         N/A       63%         3
 Mephitic Cloud           Conj/Pois/Air  0%         N/A       63%         3
 Ozocubu's Armour         Ice            0%         N/A       63%         3
 Spider Form              Tmut/Pois      0%         N/A       63%         3
 Teleport Other           Tloc           0%         N/A       63%         3
 Vampiric Draining        Necr           0%         2d6       63%         3
 Animate Armour           Summ/Erth      0%         N/A       95%         4
 Animate Dead             Necr           0%         N/A       95%         4
 Hailstorm                Conj/Ice       0%         3d3       95%         4
 Ice Form                 Ice/Tmut       0%         N/A       95%         4
 Leda's Liquefaction      Hex/Erth       0%         N/A       95%         4
 Olgreb's Toxic Radiance  Pois           0%         N/A       95%         4
 Agony                    Necr           0%         N/A       100%        5
 Blade Hands              Tmut           0%         N/A       100%        5
 Bolt of Magma            Conj/Fire/Erth 0%         4d4       100%        5
 Irradiate                Conj/Tmut      0%         3d13      100%        5
 Iskenderun's Battlesphe  Conj           0%         2d6       100%        5
 Manifold Assault         Tloc           0%         N/A       100%        5
 Metabolic Englaciation   Hex/Ice        0%         N/A       100%        5
 Iron Shot                Conj/Erth      0%         9d1       100%        6
 Statue Form              Tmut/Erth      0%         N/A       100%        6
 Dragon Form              Tmut           0%         N/A       100%        7
 Orb of Destruction       Conj           0%         N/A       100%        7
 Spellforged Servitor     Conj/Summ      0%         N/A       100%        7
 Storm Form               Tmut/Air       0%         N/A       100%        7
 Shatter                  Erth           0%         3d5*      100%        9

Inventory:

Hand Weapons
 a - a +7 double sword of distortion (weapon) {!wlongrare=g}
   (You acquired it in a bailey)
 e - a +5 quick blade of flaming {shortrare=g}
   (Trog gifted it to you on level 6 of the Lair of Beasts)
 S - the +6 falchion of Acafoeb {vorpal, rCorr, long}
   (Trog gifted it to you on level 14 of the Dungeon)

   It inflicts extra damage upon your enemies.
   It protects you from acid and corrosion.
Missiles
 p - 132 poisoned darts (quivered) {throwing}
 D - 8 atropa-tipped darts {throwing}
 M - 2 curare-tipped darts {=fthrowing}
Armour
 x - a +2 hat (worn)
   (You found it on level 2 of the Lair of Beasts)
 K - the +2 cloak "Mudeggo Ysunk" (worn) {Slay+2}
   (You found it on level 4 of the Lair of Beasts)

   It affects your accuracy and damage with ranged weapons and melee attacks
   (+2).
 V - a +4 troll leather armour (worn)
   (You found it on level 12 of the Dungeon)
Magical Staves
 b - a staff of conjuration {forbidden!a@e2staff}
   (You found it on level 5 of the Lair of Beasts)
 Y - a staff of cold {forbidden!astaff}
   (You found it on level 13 of the Dungeon)
Jewellery
 c - a ring of positive energy
   (You found it on level 15 of the Dungeon)
 i - a +6 ring of intelligence (left hand)
   (You found it on level 1 of the Dungeon)
 B - an amulet of guardian spirit (around neck)
   (You found it on level 5 of the Dungeon)
 L - a ring of flight
   (You found it on level 2 of the Lair of Beasts)
 O - a +4 ring of protection (right hand)
   (You took it off a kobold on level 8 of the Dungeon)
 P - the ring "Fups" {rPois rN+ Int+9 Stlth-}
   (You took it off a hobgoblin in a bailey)

   [ring of positive energy]

   It affects your intelligence (+9).
   It protects you from poison.
   It protects you from negative energy.
   It makes you less stealthy.
Wands
 l - a wand of digging (2)
   (You took it off Terence on level 2 of the Dungeon)
 w - a wand of flame (56)
   (You found it on level 10 of the Dungeon)
 z - a wand of iceblast (17)
   (You found it on level 5 of the Dungeon)
 X - a wand of paralysis (9)
   (You found it on level 13 of the Dungeon)
Scrolls
 f - 4 scrolls of fear
 g - 3 scrolls of magic mapping {!r}
 n - 2 scrolls of torment {!r}
 o - 2 scrolls of immolation {!r!r}
 q - 2 scrolls of fog
 y - 5 scrolls of vulnerability {!r!r}
 H - 2 scrolls of enchant armour
 J - 13 scrolls of teleportation {@r4}
 N - 2 scrolls of silence {!r}
 R - 2 scrolls of blinking {!r}
 W - 2 scrolls of summoning
 Z - 2 scrolls of identify {@r1}
Potions
 h - a potion of ambrosia {unknown}
 j - 3 potions of attraction {!q}
 m - 4 potions of curing {@q1}
 r - 3 potions of heal wounds {@q2}
 s - 3 potions of lignification {!q}
 t - 4 potions of brilliance
 u - 2 potions of mutation {!q}
 A - 3 potions of invisibility
 C - 2 potions of might
 E - 3 potions of magic
 G - 2 potions of haste {@q3}
 I - 2 potions of cancellation
 Q - 2 potions of resistance
 U - a potion of experience {unknown}
Miscellaneous
 F - a piece from Xom's chessboard (15/15)
   (You found it on level 11 of the Dungeon)
 T - a box of beasts
   (You found it in a bailey)

Dungeon Overview and Level Annotations

Branches:
Dungeon (15/15)            Temple (0/1) D:5            Lair (6/6) D:10
 Shoals (0/4) Lair:4        Snake (0/4) Lair:4        Slime (0/5) Lair:5
    Orc (0/2) D:11         Vaults (0/5) D:13         Bailey (visited)
 Depths: D:15

Altars:
Cheibriados
Elyvilon
Fedhas
Gozag
Okawaru
Qazlal
Wu Jian

Annotations:
D:3 exclusion: downstairs, Pikel
D:4 3 runed translucent doors, cobaltphoenix's ghost, amateur DrCj
D:6 2 transporters
D:13 exclusion: downstairs
Lair:5 exclusion: downstairs
Abyss:1 Fannar; Snorg

(<....##...#...........#
.........#####....e....#
......#### #.........#
#.).<.# ###.........#
...[..# #...ยง)......#
#..<.## ##..ยง..e....#
#...)# #..ยง.......#
#....# ##.........#
#)).[# #..@......#
.....# #..########
.....# #..#
.....#########..#
...(...#........#
.....#..........#
....####........#
....####.....(..#
##..............#


You could see a deep elf archer (repels missiles) and a deep elf knight
(invisible).


Message History

You feel a strong urge to attack something.
You slice the deep elf sorcerer!!
Space warps horribly around the deep elf sorcerer!
You kill the deep elf sorcerer!
Trog accepts your kill.
Trog appreciates your killing of a magic user.
The deep elf knight mumbles some strange words.
The deep elf knight flickers and vanishes for a moment.
The deep elf archer blinks!
You barely miss the deep elf pyromancer.
You closely miss the deep elf pyromancer.
The deep elf knight shoots an arrow.
The arrow completely misses you.
The deep elf pyromancer casts a spell.
The deep elf pyromancer blinks!
The deep elf knight shoots an arrow.
The arrow closely misses you.
You feel a strong urge to attack something.
The deep elf knight gestures at you while chanting.
The shard of ice hits you!!
The deep elf archer unwields a +0 longbow.
The deep elf archer wields a +0 short sword.
The deep elf archer misses you. ๐Ÿ˜• HP[-25] MP[-3]
You take 25 damage, and now have 95/120 hp.
MASSIVE DAMAGE!! (PAUSE)
You lost 3 mp, and now have 12/16 mp.
You slice the deep elf archer!!
The deep elf archer blinks! ๐Ÿ˜• HP[+1]
The deep elf knight shoots an arrow.
The arrow barely misses you.
You feel a strong urge to attack something.
You are no longer berserk.
You are exhausted.
You feel yourself slow down. ๐Ÿ˜• HP[-32]
You now have 80 max hp (-40).
You miss the deep elf knight.
The deep elf knight unwields a +0 shortbow.
The deep elf knight hits you but does no damage.
The deep elf knight shoots an arrow.
The arrow closely misses you.
The deep elf archer unwields a +0 short sword.
The deep elf archer wields a +0 longbow.
The deep elf archer shoots an arrow.
The arrow hits you but does no damage. ๐Ÿ˜• HP[+2] MP[+1]
You regained 2 hp, and now have 66/80 hp.
You slice the deep elf knight!!
Space bends around the deep elf knight.
The deep elf knight closely misses you.
You riposte.
You slash the deep elf knight!
The deep elf knight shoots an arrow.
The arrow hits you.
The deep elf pyromancer mumbles some strange words.
The deep elf pyromancer blinks!
The deep elf archer shoots an arrow.
The arrow closely misses you.
The arrow hits the deep elf knight!!!
The deep elf knight dies! ๐Ÿ˜• MP[-1]
You lost 1 mp, and now have 12/16 mp.
The deep elf knight shoots an arrow.
The arrow completely misses you.
Items here: ( ) [ โ€ . ๐Ÿ˜• HP[+1]
The deep elf knight unwields a +0 shortbow.
The deep elf knight wields a +0 short sword.
The deep elf knight hits you with a +0 short sword.
The deep elf pyromancer casts a spell at you.
The bolt of fire misses you.
The bolt of fire misses the deep elf knight. ๐Ÿ˜• HP[-4] MP[-1]
You take 4 damage, and now have 63/80 hp.
You lost 1 mp, and now have 11/16 mp.
You barely miss the deep elf knight.
The deep elf archer shoots an arrow.
The arrow hits you!
The deep elf knight closely misses you. ๐Ÿ˜ฎ HP[-9] MP[-2]
You take 9 damage, and now have 54/80 hp.
You lost 2 mp, and now have 9/16 mp.
You barely miss the deep elf knight.
The deep elf knight hits you but does no damage. ๐Ÿ˜ฎ HP[+1]
The deep elf archer shoots an arrow.
The arrow misses you.
The deep elf pyromancer closely misses you.
You riposte.
You slice the deep elf pyromancer!!
The deep elf pyromancer is devoured by a tear in reality.
The deep elf knight unwields a +0 short sword.
The deep elf knight wields a +0 shortbow.
The deep elf knight shoots an arrow.
The arrow hits you! ๐Ÿ˜ฎ HP[-9] MP[-1]
You take 9 damage, and now have 46/80 hp.
You lost 1 mp, and now have 8/16 mp.
The deep elf archer shoots an arrow.
The arrow hits you! ๐Ÿ˜ฎ HP[-5] MP[-1]
You take 5 damage, and now have 41/80 hp.
You lost 1 mp, and now have 7/16 mp.
The deep elf knight shoots an arrow.
The arrow completely misses you.
The deep elf archer shoots an arrow.
The arrow hits you!
* * * LOW HITPOINT WARNING * * *
There is a stone staircase leading up, spattered with blood here. ๐Ÿ˜จ HP[-6] MP[-1]
You take 6 damage, and now have 35/80 hp.
You lost 1 mp, and now have 6/16 mp.
The deep elf knight shoots an arrow.
The arrow barely misses you.
The deep elf archer shoots an arrow.
The arrow hits you!!
* * * LOW HITPOINT WARNING * * *
The deep elf knight casts a spell at you.
The shard of ice hits you!!
You die...

Skill      XL: |  1  2  3  4  5  6  7  8  9 10 11 12 13 14 15 |
---------------+----------------------------------------------+-----
Stealth        | 1 2 3 4 5 6 |  6.0
Fighting       | 3 4 6 8 10 | 10.2
Long Blades    | 3 4 6 8 9 12 14 16 | 16.0
Dodging        | 5 6 7 9 12 13 14 16 17 | 17.8
Armour         | 2 5 7 |  7.6

Action                   |  1- 3 |  4- 6 |  7- 9 | 10-12 | 13-15 || total
-------------------------+-------+-------+-------+-------+-------++-------
Melee: Falchion          |    94 |   138 |   222 |   339 |       ||   793
       Long sword        |       |       |    79 |    21 |       ||   100
       Double sword      |       |       |       |   263 |   883 ||  1146
 Fire: Hunting sling     |       |    34 |   103 |    77 |       ||   214
Throw: Dart              |       |       |     7 |    13 |    28 ||    48
Invok: Berserk           |     7 |     7 |    16 |    13 |    11 ||    54
       Trog's Hand       |       |       |     2 |     3 |     2 ||     7
       Brothers in Arms  |       |       |       |     2 |     2 ||     4
Evoke: Wand              |       |       |       |     3 |     4 ||     7
  Use: Scroll            |     5 |     5 |       |    20 |    10 ||    40
       Potion            |       |       |       |     1 |     6 ||     7
 Stab: Sleeping          |     4 |     4 |     3 |     8 |    11 ||    30
       Distracted        |       |     1 |       |     2 |     6 ||     9
       Petrified         |       |       |       |    11 |       ||    11
Armor: Animal skin       |    16 |    22 |    16 |       |       ||    54
       Swamp dragon scal |       |       |    17 |    84 |       ||   101
       Troll leather arm |       |       |       |    65 |   219 ||   284
Dodge: Dodged            |    88 |   144 |   275 |   642 |   798 ||  1947
       Rpst.: Falchion   |    27 |    41 |    42 |    74 |       ||   184
       Long sword        |       |       |    21 |     6 |       ||    27
       Double sword      |       |       |       |    62 |   168 ||   230

Levels and vault maps discovered:
D:1:      ldierk_walled_garden, layout_basic, minmay_small_reverse_x
D:2:      layout_basic, uniq_robin, uniq_terence
D:3:      cheibrodos_fertilizer, layout_basic, okawaru_metal_pillars_1_2,
          serial_forest, infiniplex_forest_clump_medium,
          infiniplex_forest_corner_1, infiniplex_forest_straight_2,
          infiniplex_forest_clump_C, infiniplex_forest_clump_tiny,
          infiniplex_forest_fountain, infiniplex_forest_straight_1,
          infiniplex_forest_split, infiniplex_forest_lined_3_way
D:4:      layout_cave_pools, pf_just_have_faith, gammafunk_ghost_necromancy,
          uniq_sigmund, uniq_pikel
D:5:      layout_loops_ring, cheibrodos_worm_habitat,
          minmay_temple_entry_drinking_statues
D:6:      layout_basic, lemuel_crystal_altar, gammafunk_temple_overflow_arena
D:7:      layout_rooms, chequers_arboretum, uniq_maggie, uniq_menkaure
D:8:      layout_loops_ring
D:9:      layout_loops_ring
D:10:     layout_roguey, old_standard_altar, erik_lair_orcish_takeover,
          grunt_ministairs_1, minmay_misc_feat_enclosed,
          kennysheep_pointless_box, minivault_14
D:11:     layout_loops_ring
D:12:     layout_grid_maze, enter_bailey_2, portal_ice_cave_entry_pillars_1,
          minmay_between
D:13:     layout_cave_pods, ximxim_vaults_locker_room, lightli_fourway_metalbox
D:14:     layout_basic, fedhas_altar_2, uniq_azrael
D:15:     grunt_enter_depths_snipers, layout_rooms, special_room
          [special_room_bee], nicolae_tso_carved_into_rock
Lair:1:   layout_loops_ring, chequers_serial_rivers_micro_a, uniq_erica
Lair:2:   cheibrodos_lair_overgrown_chateau, layout_regular_city,
          grunt_megastairs_5
Lair:3:   layout_gridlike, grunt_forest_small_clearing_treed,
          grunt_megastairs_1, infiniplex_staircase_pool, uniq_urug, uniq_snorg,
          uniq_fannar
Lair:4:   layout_roguey, elwin_shoals_entry_rooms, guppyfry_snake_entry_island,
          kennysheep_rathole, uniq_josephine
Lair:5:   layout_regular_city, minmay_slime_entry_jelly_boxes
Lair:6:   hangedman_lair_tendril_chambers, layout_hall_layers,
          guppyfry_lair_end_dragon, serial_rivers,
          chequers_serial_rivers_micro_d, chequers_serial_rivers_micro_b,
          chequers_serial_rivers_small_a, chequers_serial_rivers_micro_d,
          chequers_serial_rivers_marsh, serial_bayou_shore_a

Notes
Turn   | Place    | Note
-------+----------+-------------------------------------------
     0 | D:1      | Sobieck the Spriggan Berserker began the quest for the Orb.
     0 | D:1      | Reached XP level 1. HP: 11/11 MP: 2/2
     0 | D:1      | magus.rc [v1.9.6]
   262 | D:1      | You pick up a book of Necromancy {forbidden} and begin
                  | reading...
   262 | D:1      | You add the spells Pain, Animate Skeleton, Vampiric
                  | Draining, Animate Dead and Agony to your library.
   305 | D:1      | HP: 2/11 [kobold (3)]
   713 | D:1      | Reached skill level 1 in Stealth
  1019 | D:1      | Reached XP level 2. HP: 16/16 MP: 3/3
  1886 | D:1      | Reached XP level 3. HP: 19/19 MP: 4/4
  1888 | D:1      | Reached ** piety under Trog
  2169 | D:2      | Reached skill level 2 in Stealth
  2169 | D:2      | Noticed Robin
  2510 | D:2      | Reached skill level 3 in Fighting
  2510 | D:2      | Reached XP level 4. HP: 24/24 MP: 5/5
  2824 | D:2      | Reached skill level 3 in Long Blades
  2826 | D:2      | Killed Robin
  2827 | D:2      | Reached skill level 3 in Stealth
  3040 | D:2      | Reached skill level 5 in Dodging
  3067 | D:2      | Noticed Terence
  3173 | D:2      | HP: 5/36 [Terence (10)]
  3174 | D:2      | Killed Terence
  3175 | D:2      | Reached XP level 5. HP: 6/28 MP: 6/6
  3758 | D:3      | Found an iron altar of Okawaru.
  3864 | D:4      | Noticed a lemure
  3864 | D:4      | Noticed a lemure
  3864 | D:4      | Noticed Pikel
  3871 | D:3      | Reached *** piety under Trog
  4123 | D:3      | Reached skill level 4 in Stealth
  4131 | D:3      | HP: 7/28 [frozen (3)]
  4132 | D:3      | HP: 3/28 [frozen (1)]
  5207 | D:4      | Noticed Sigmund
  5273 | D:4      | Found a runed translucent gate.
  5274 | D:4      | Found a runed translucent gate.
  5286 | D:4      | Identified the +6 hunting sling "Famyes Soe" {vorpal, rPois
                  | rN+ Dex+2}
  5294 | D:4      | Noticed a lemure
  5294 | D:4      | Noticed a lemure
  5321 | D:4      | Killed a lemure
  5539 | D:4      | Killed a lemure
  5738 | D:4      | Reached XP level 6. HP: 32/32 MP: 7/7
  5788 | D:4      | Killed Sigmund
  5789 | D:4      | Reached skill level 6 in Dodging
  5789 | D:4      | Reached skill level 5 in Stealth
  5854 | D:4      | Reached XP level 7. HP: 37/37 MP: 8/8
  6075 | D:5      | Entered Level 5 of the Dungeon
  6296 | D:4      | Found an opulent altar of Gozag.
  6355 | D:4      | Found a runed translucent gate.
  6395 | D:4      | Noticed cobaltphoenix's ghost (amateur DrCj)
  6431 | D:5      | Reached skill level 4 in Fighting
  6597 | D:5      | Reached skill level 4 in Long Blades
  6814 | D:5      | Reached skill level 6 in Stealth
  6834 | D:5      | Found a staircase to the Ecumenical Temple.
  7174 | D:5      | Reached skill level 7 in Dodging
  7280 | D:5      | Found a snail-covered altar of Cheibriados.
  7365 | D:6      | Reached XP level 8. HP: 42/42 MP: 9/9
  7668 | D:6      | Found a white marble altar of Elyvilon.
  7771 | D:6      | Reached skill level 5 in Fighting
  7798 | D:6      | Reached **** piety under Trog
  7884 | D:6      | Reached skill level 5 in Long Blades
  7884 | D:6      | Reached skill level 8 in Dodging
  8261 | D:6      | Found a transporter.
  8261 | D:6      | Found a transporter.
  8263 | D:6      | Noticed a two-headed ogre
  8263 | D:6      | Noticed a slime creature
  8265 | D:6      | Noticed a two-headed ogre
  8278 | D:6      | Found an ornate altar of the Wu Jian Council.
  8376 | D:7      | Noticed a gargoyle
  8556 | D:6      | Killed a gargoyle
  8742 | D:7      | Reached skill level 9 in Dodging
  9363 | D:7      | Reached skill level 6 in Fighting
  9363 | D:7      | Reached skill level 6 in Long Blades
  9363 | D:7      | Reached XP level 9. HP: 48/48 MP: 10/10
  9572 | D:7      | HP: 11/48 [white imp/puff of frost (5)]
  9851 | D:7      | Noticed Maggie
  9874 | D:7      | Killed Maggie
  9875 | D:7      | Reached skill level 10 in Dodging
 10595 | D:7      | Reached skill level 7 in Long Blades
 10598 | D:7      | Noticed Menkaure
 10815 | D:7      | Killed Menkaure
 10855 | D:7      | Reached skill level 11 in Dodging
 11477 | D:8      | Noticed a two-headed ogre
 11488 | D:8      | Killed a two-headed ogre
 11489 | D:8      | Reached skill level 8 in Long Blades
 11489 | D:8      | Reached skill level 12 in Dodging
 11489 | D:8      | Reached XP level 10. HP: 53/53 MP: 9/11
 12113 | D:8      | You pick up a book of Power {forbidden} and begin
                  | reading...
 12113 | D:8      | You add the spells Iskenderun's Battlesphere, Bolt of
                  | Magma, Iron Shot, Orb of Destruction and Spellforged
                  | Servitor to your library.
 12748 | D:10     | Entered Level 10 of the Dungeon
 12757 | D:11     | Noticed a manticore
 12776 | D:11     | Killed a manticore
 12777 | D:11     | Reached skill level 13 in Dodging
 13472 | D:10     | Noticed a two-headed ogre
 13486 | D:9      | Killed a two-headed ogre
 13487 | D:9      | Reached skill level 9 in Long Blades
 13860 | D:10     | Noticed a two-headed ogre
 13868 | D:10     | Killed a two-headed ogre
 13878 | D:10     | Identified the +2 falchion "Yrpheicle" {flame, rElec}
 14223 | D:9      | Reached XP level 11. HP: 56/56 MP: 8/12
 14305 | D:9      | Reached skill level 14 in Dodging
 14370 | D:10     | Found a staircase to the Lair.
 14698 | D:10     | Noticed a boulder beetle
 14862 | D:10     | Identified the +11 trident of Okawaru's Hope {flame, Str+4}
 15061 | D:10     | Found a stormy altar of Qazlal.
 15218 | D:11     | Noticed a deep elf pyromancer
 15229 | D:11     | Killed a deep elf pyromancer
 15230 | D:11     | Reached skill level 10 in Long Blades
 15386 | D:11     | Reached ***** piety under Trog
 15452 | D:11     | Found a staircase to the Orcish Mines.
 16025 | D:12     | Found a frozen archway.
 16033 | D:12     | Found a flagged portal.
 16039 | D:12     | Identified the +2 hand axe "Pumon" {flame, rF+}
 16049 | Bailey   | Entered a bailey
 16421 | Bailey   | Received a gift from Trog
 16424 | Bailey   | Identified the ring "Fups" {rPois rN+ Int+9 Stlth-}
 16424 | Bailey   | Noticed an orc warlord
 16490 | Bailey   | Killed an orc warlord
 16491 | Bailey   | Reached skill level 11 in Long Blades
 16812 | Bailey   | Identified a scroll of acquirement
 16812 | Bailey   | Acquired a +1 double sword of distortion
 16813 | Bailey   | C - a +1 double sword of distortion {!wlongrare=g}
 16815 | Bailey   | C - a +1 double sword of distortion {!wlongrare=g}
 16815 | Bailey   | a - a +1 double sword of distortion {!wlongrare=g}
 16815 | Bailey   | Really wield a - a +1 double sword of distortion
                  | {!wlongrare=g}?
 16815 | Bailey   | a - a +1 double sword of distortion (weapon) {!wlongrare=g}
 16816 | Bailey   | your +1 double sword of distortion {!wlongrare=g} glows red
                  | for a moment.
 16817 | Bailey   | your +2 double sword of distortion {!wlongrare=g} glows red
                  | for a moment.
 16818 | Bailey   | your +3 double sword of distortion {!wlongrare=g} glows red
                  | for a moment.
 17403 | D:12     | your +4 double sword of distortion {!wlongrare=g} glows red
                  | for a moment.
 17642 | D:12     | Noticed a skeletal warrior
 17642 | D:12     | Noticed a skeletal warrior
 17643 | D:12     | Noticed a skeletal warrior
 17725 | Lair:1   | Entered Level 1 of the Lair of Beasts
 17841 | Lair:1   | You pick up a book of Changes {forbidden} and begin
                  | reading...
 17841 | Lair:1   | You add the spells Beastly Appendage, Wereblood, Spider
                  | Form and Ice Form to your library.
 18074 | Lair:1   | Noticed Erica
 18089 | Lair:1   | Killed Erica
 18090 | Lair:1   | Reached skill level 12 in Long Blades
 18142 | Lair:1   | You pick up a book of Frost {forbidden} and begin
                  | reading...
 18142 | Lair:1   | You add the spells Freeze, Frozen Ramparts, Ozocubu's
                  | Armour, Hailstorm and Metabolic Englaciation to your
                  | library.
 18567 | Lair:2   | Reached XP level 12. HP: 61/61 MP: 13/13
 18856 | Lair:2   | You fall into a shaft and drop 1 floor!
 18857 | Lair:3   | Noticed a catoblepas
 18872 | Lair:3   | Killed a catoblepas
 18891 | Lair:3   | Noticed Snorg
 18930 | Lair:3   | Banished Snorg
 18931 | Lair:3   | Reached skill level 13 in Long Blades
 19088 | Lair:2   | Noticed a four-headed hydra
 19097 | Lair:2   | Killed an 11-headed hydra
 19506 | Lair:2   | Noticed a catoblepas
 19528 | Lair:2   | Reached skill level 14 in Long Blades
 19532 | Lair:2   | HP: 13/61 [catoblepas (10)]
 19533 | Lair:2   | Killed a catoblepas
 19848 | Lair:2   | Paralysed by a hornet for 1 turns
 19897 | Lair:2   | Noticed a four-headed hydra
 19907 | Lair:2   | Killed an eight-headed hydra
 19908 | Lair:2   | Reached XP level 13. HP: 34/65 MP: 6/14
 19942 | Lair:2   | Really unwield a - a +5 double sword of distortion
                  | {!wlongrare=g}?
 19997 | Lair:2   | your +5 double sword of distortion {!wlongrare=g} glows red
                  | for a moment.
 19999 | Lair:2   | You pick up a book of Transfigurations {forbidden@e2} and
                  | begin reading...
 19999 | Lair:2   | You add the spells Irradiate, Blade Hands, Statue Form,
                  | Storm Form and Dragon Form to your library.
 20221 | Lair:3   | Noticed Urug
 20244 | Lair:3   | Killed Urug
 20465 | Lair:3   | Noticed Fannar
 20476 | Lair:3   | Banished Fannar
 20477 | Lair:3   | Reached skill level 15 in Long Blades
 20491 | Lair:3   | Received a gift from Trog
 21133 | Lair:4   | Found a staircase to the Snake Pit.
 21135 | Lair:4   | Noticed Josephine
 21207 | Lair:4   | Identified the +2 cloak "Mudeggo Ysunk" {Slay+2}
 21271 | Lair:4   | Killed Josephine
 21398 | Lair:4   | You pick up a book of Spatial Translocations {forbidden}
                  | and begin reading...
 21398 | Lair:4   | You add the spells Blink, Lesser Beckoning, Gell's
                  | Gravitas, Teleport Other and Manifold Assault to your
                  | library.
 21633 | Lair:5   | Found a staircase to the Slime Pits.
 22113 | Lair:4   | Reached skill level 16 in Long Blades
 22130 | Lair:4   | Found a staircase to the Shoals.
 22332 | Lair:5   | Reached skill level 1 in Armour
 22480 | Lair:6   | Entered Level 6 of the Lair of Beasts
 22485 | Lair:6   | Received a gift from Trog
 22511 | Lair:6   | e - a +5 quick blade of flaming {shortrare=g}
 22559 | Lair:5   | Reached skill level 2 in Armour
 23268 | Lair:6   | Reached XP level 14. HP: 67/70 MP: 11/15
 23334 | Lair:6   | Reached skill level 7 in Fighting
 23334 | Lair:6   | Reached skill level 3 in Armour
 23551 | Lair:6   | Reached skill level 15 in Dodging
 23882 | Lair:6   | Reached skill level 4 in Armour
 23969 | Lair:6   | Received a gift from Trog
 24059 | Lair:6   | Reached skill level 8 in Fighting
 24319 | Lair:6   | Reached skill level 5 in Armour
 24453 | Lair:6   | Reached skill level 16 in Dodging
 25413 | D:12     | HP: 23/111 [skeletal warrior[a skeletal warrior] (17)]
 26362 | D:14     | You pick up a book of the Earth {forbidden} and begin
                  | reading...
 26362 | D:14     | You add the spells Animate Armour, Leda's Liquefaction and
                  | Shatter to your library.
 26389 | D:13     | Reached XP level 15. HP: 78/78 MP: 13/16
 26418 | D:13     | Reached skill level 9 in Fighting
 26606 | D:13     | Reached skill level 6 in Armour
 26705 | D:13     | your +6 double sword of distortion {!wlongrare=g} glows red
                  | for a moment.
 27053 | D:13     | You add the spells Sting, Poisonous Vapours, Mephitic
                  | Cloud, Ignite Poison and Olgreb's Toxic Radiance to your
                  | library.
 27179 | D:13     | Found a gate to the Vaults.
 27416 | D:14     | Reached skill level 17 in Dodging
 27671 | D:14     | Identified the +6 falchion of Acafoeb {vorpal, rCorr} (Trog
                  | gifted it to you on level 14 of the Dungeon)
 27671 | D:14     | Received a gift from Trog
 27920 | D:14     | Found a blossoming altar of Fedhas.
 27924 | D:15     | Entered Level 15 of the Dungeon
 28044 | D:14     | Identified the +2 robe of the Shoals {Int+4 Dex+2}
 28080 | D:14     | Noticed Azrael
 28098 | D:14     | Killed Azrael
 28227 | D:14     | You pick up a book of Changes {forbidden} and begin
                  | reading...
 28610 | D:15     | Reached skill level 7 in Armour
 28771 | D:15     | Reached skill level 10 in Fighting
 28785 | D:15     | Noticed a deep elf sorcerer
 28966 | D:15     | HP: 14/80 [acid (10)]
 29291 | D:15     | Killed a deep elf sorcerer
 29309 | D:15     | HP: 14/80 [deep elf archer/arrow (23)]
 29309 | D:15     | Killed from afar by a deep elf knight

Vanquished Creatures
  A deep elf sorcerer (D:15)
  Azrael (D:14)
  Josephine (Lair:4)
  2 vault guards
  3 boulder beetles
  6 hydras
  Erica (Lair:1)
  An ogre mage (D:15)
  2 death knights (D:15)
  2 centaur warriors
  4 catoblepae
  A tengu warrior (D:14)
  7 two-headed ogres
  4 death yaks
  Urug (Lair:3)
  10 skeletal warriors
  A lindwurm (shapeshifter) (D:13)
  3 lindwurms
  A phantasmal warrior (D:14)
  A manticore (D:11)
  An orc knight (D:13)
  A wolf spider (Lair:6)
  3 deep elf pyromancers
  4 ugly things
  4 cyclopes
  A merfolk siren (Lair:4)
  A guardian serpent (Lair:6)
  13 elephants (Lair:6)
  8 black mambas
  5 centaur zombies
  10 cane toads
  4 gargoyles
  6 komodo dragons
  2 rime drakes
  Maggie (D:7)
  A freezing wraith (D:15)
  An efreet (D:14)
  4 yaktaurs (D:15)
  A tengu conjurer (D:15)
  A troll (shapeshifter) (D:15)
  3 trolls
  A polar bear (Lair:4)
  A meliai (D:13)
  19 blink frogs
  5 hornets
  A centaur simulacrum (D:14)
  Sigmund (D:4)
  3 shadows
  A vampire (D:13)
  5 redbacks (Lair:6)
  42 yaks
  5 fire elementals (D:14)
  14 wyverns
  4 basilisks
  9 wraiths
  7 humans (D:13)
  Menkaure (D:7)
  4 vampire mosquitoes (D:12)
  3 nagas (Lair:4)
  2 wargs
  2 hell hounds (D:14)
  2 acid dragons (Lair:6)
  27 water moccasins
  3 black bears (Lair:2)
  16 orc warriors
  A sky beast (D:5)
  4 swamp drakes (Lair:6)
  5 centaurs
  5 ogres
  A necrophage (D:6)
  3 wolves (Lair:6)
  3 lemures (D:4)
  4 kobold brigands
  16 bullfrogs
  A scorpion (D:6)
  A gnoll sergeant (D:9)
  A water moccasin skeleton (D:6)
  A wyvern skeleton (D:6)
  13 wights
  3 howler monkeys
  4 electric eels
  A bullfrog zombie (D:6)
  2 bullfrog skeletons (D:5)
  A hound (D:5)
  3 orc priests
  17 jellies
  2 centaur skeletons
  Terence (D:2)
  A hell rat (Lair:4)
  6 iguanas
  8 orc wizards
  Robin (D:2)
  A howler monkey zombie (D:9)
  19 gnolls
  4 adders
  A howler monkey skeleton (D:5)
  5 river rats (Lair:4)
  4 white imps
  3 ufetubi
  2 worms
  5 dart slugs
  30 orcs
  4 bats
  15 endoplasms
  4 giant cockroaches (D:2)
  30 goblins
  19 hobgoblins
  6 jackals (D:1)
  5 quokkas
  6 ball pythons
  29 kobolds
  8 rats
615 creatures vanquished.

Vanquished Creatures (collateral kills)
  An orc warlord (Bailey)
  A fire dragon (Lair:6)
  A swamp dragon (Lair:6)
  2 orc warriors (Bailey)
  A hobgoblin (Bailey)
6 creatures vanquished.

Vanquished Creatures (others)
  A deep elf knight (D:15)
  An orc wizard (D:9)
  32 fungi
  68 plants
  13 toadstools
115 creatures vanquished.

Grand Total: 736 creatures vanquished

Table legend:
 A = Non-vault XP
 B = Vault XP
 C = Vault XP percentage of total XP
 D = Non-vault monster count
 E = Vault monster count
 F = Vault count percentage of total count
                 A         B        C        D         E       F
            +---------+---------+-------+---------+---------+-------
      Total |   98601 |   44677 |  31.2 |     407 |     252 |  38.2
            +---------+---------+-------+---------+---------+-------
        D:1 |      37 |       9 |  19.6 |      20 |       5 |  20.0
        D:2 |      92 |      70 |  43.2 |      27 |      11 |  28.9
        D:3 |      33 |     108 |  76.6 |       5 |      16 |  76.2
        D:4 |     172 |     238 |  58.0 |      17 |       1 |   5.6
        D:5 |     579 |       5 |   0.9 |      14 |       1 |   6.7
        D:6 |    1241 |       0 |   0.0 |      14 |       0 |   0.0
        D:7 |    1394 |     568 |  29.0 |      16 |       2 |  11.1
        D:8 |    2017 |       0 |   0.0 |      18 |       0 |   0.0
        D:9 |    1203 |    1415 |  54.0 |      33 |       4 |  10.8
       D:10 |    1788 |     311 |  14.8 |       6 |       7 |  53.8
       D:11 |    2669 |       0 |   0.0 |      11 |       0 |   0.0
       D:12 |    6441 |    3223 |  33.4 |      16 |       6 |  27.3
       D:13 |    7917 |    6211 |  44.0 |      13 |      15 |  53.6
       D:14 |   10422 |    2549 |  19.7 |      18 |       8 |  30.8
       D:15 |   15512 |       0 |   0.0 |      25 |       0 |   0.0
     Lair:1 |    1985 |     950 |  32.4 |       9 |       1 |  10.0
     Lair:2 |    6465 |    5881 |  47.6 |      24 |      18 |  42.9
     Lair:3 |    4722 |    4055 |  46.2 |      19 |       5 |  20.8
     Lair:4 |    8792 |    3149 |  26.4 |      28 |      19 |  40.4
     Lair:5 |    5624 |     834 |  12.9 |      15 |      14 |  48.3
     Lair:6 |   19496 |   12294 |  38.7 |      59 |      50 |  45.9
     Bailey |       0 |    2807 | 100.0 |       0 |      69 | 100.0
            +---------+---------+-------+---------+---------+-------

Illustrated notes

Table legend:
 A = Kills in this place as a percentage of kills in entire the game.
 B = Kills by you in this place as a percentage of kills by you in the entire game.
 C = Kills by friends in this place as a percentage of kills by friends in the entire game.
 D = Other kills in this place as a percentage of other kills in the entire game.
 E = Experience gained in this place as a percentage of experience gained in the entire game.
 F = Experience gained in this place divided by the number of levels of this place that you have seen.
                   A       B       C       D       E      F
               +-------+-------+-------+-------+-------+----------------------
         Total | 100.0 | 100.0 | 100.0 | 100.0 | 100.0 | 6512.6
       Dungeon |  49.9 |  51.5 |   0.0 |  34.1 |  46.2 | 4414.9
          Lair |  39.6 |  37.9 |  33.3 |  65.9 |  51.8 | 12374.5
        Bailey |  10.5 |  10.6 |  66.7 |   0.0 |   2.0 | 2807.0
               +-------+-------+-------+-------+-------+----------------------

Table legend: (Time is in decaauts)
 A = Elapsed time spent in this place.
 B = Non-inter-level travel time spent in this place.
 C = Inter-level travel time spent in this place.
 D = Time resting spent in this place.
 E = Time spent auto-exploring this place.
 F = Levels seen in this place.
 G = Mean time per level.
                   A        B        C        D        E       F      G
               +--------+--------+--------+--------+--------+-----+--------+
         Total |  22961 |  21713 |   1248 |   6866 |   9788 |  22 | 1043.7 |
       Dungeon |  16859 |  16051 |    808 |   5927 |   6949 |  15 | 1123.9 |
          Lair |   5374 |   4935 |    439 |    701 |   2702 |   6 |  895.7 |
        Bailey |    728 |    728 |      0 |    237 |    136 |   1 |  728.0 |
               +--------+--------+--------+--------+--------+-----+--------+

Top non-repeatable levels by time:
     D:1: 2288 daAuts
     D:6: 2013 daAuts
     D:2: 1400 daAuts
     D:9: 1227 daAuts
  Lair:6: 1199 daAuts
     D:8: 1166 daAuts
    D:12: 1126 daAuts
    D:14: 1096 daAuts
     D:3: 1075 daAuts
  Lair:2: 1068 daAuts
     D:7: 1047 daAuts
  Lair:4: 976 daAuts
    D:10: 917 daAuts
     D:5: 882 daAuts
    D:13: 877 daAuts
